 Dungeon Crawl Stone Soup version 0.31-a0-716-gc7603755dd (webtiles) character file.

Game seed: 14063581014502173766

19241 cforsyth the Fighter (level 13, -6/93 HPs)
             Began as a Djinni Chaos Knight on Sept 10, 2023.
             Was a Follower of Hepliaklqana.
             Killed from afar by a hellion (19 damage)
             ... with damnation
             ... on level 1 of the Abyss.
             The game lasted 00:39:33 (17570 turns).

cforsyth the Fighter (Djinni Chaos Knight)         Turns: 17570, Time: 00:39:34

Health: -6/93      AC:  8    Str: 10    XL:     13   Next: 3%
Gold:   3689       EV: 25    Int: 18    God:    Hepliaklqana [*.....] SH: 12 Dex: 15

rFire   + + +        x - staff of Conformity {Drain rElec rC+++ rN++ Air}
rCold   + + +        D - +1 kite shield {AC+3}
rNeg    + + .        y - +3 leather armour
rPois   ∞            (no helmet)
rElec   +            (no cloak)
rCorr   .            g - +0 pair of gloves
SInv    +            (boots unavailable)
Will    +....        f - amulet of the Madman {Acrobat Fly rPois rC+ Will-}
Stlth   ++           i - ring of protection from fire
HPRegen 0.35/turn    k - ring of wizardry
MPRegen 0.00/turn

%: acrobat, wizardry (x1), infuse magic (-7 HP)
@: acrobatic, flying, hasted, very quick
A: reduced essence, sickness immunity, fire resistance 2, cold vulnerability 1,
float, innate caster, HP casting, extra vitality 1, thin skeletal structure 1,
see invisible, agile 1, strong-willed 1, screaming 1, electricity resistance,
wild magic 1, evolution 2, sturdy frame 1, [clumsy 2], [deformed body]
a: Renounce Religion, Recall Ancestor, Ancestor Identity


You were on level 1 of the Abyss.
You worshipped Hepliaklqana.
Hepliaklqana was aware of your devotion.
You visited 3 branches of the dungeon, and saw 12 of its levels.
You visited the Abyss 1 time.
You also visited: Sewer and Bailey.

You collected 3689 gold pieces.

Inventory:

Hand Weapons
 a - a +0 falchion of chaos
 j - a +3 short sword of speed
 u - a +2 flail of holy wrath
 v - a +5 heavy falchion
Armour
 b - a +2 hat of stealth
 g - a +0 pair of gloves (worn)
 y - a +3 leather armour (worn)
 D - a +1 kite shield of protection (worn)
 H - a +2 hat
Magical Staves
 x - the staff of Conformity (weapon) {Drain rElec rC+++ rN++ Air}
   (You found it on level 8 of the Dungeon)

   [staff of air]

   Base accuracy: +5 Base damage: 5 Base attack delay: 1.2 This weapon's minimum
   attack delay (0.6) is reached at skill level 12.
   rC+++:     It renders you almost immune to cold.
   rElec:     It insulates you from electricity.
   rN++:      It greatly protects you from negative energy.
   Drain:     It drains your maximum health when unequipped.
   Air:       It increases the power of your Air spells.
   It falls into the 'Staves' category.
   It is a one-handed weapon.
Jewellery
 f - the amulet of the Madman (around neck) {Acrobat Fly rPois rC+ Will-}
   (You took it off an orc on level 7 of the Dungeon)

   [amulet of the acrobat]

   Acrobat:   It increases your evasion while moving and waiting.
   rC+:       It protects you from cold.
   rPois:     It protects you from poison Will-: It decreases your willpower.
   Fly:       It grants you flight.
 i - a ring of protection from fire (left hand)
 k - a ring of wizardry (right hand)
 r - a +6 ring of strength
Wands
 s - a wand of paralysis (4)
 w - a wand of roots (30)
 A - a wand of mindburst (11)
 B - a wand of flame (29)
Scrolls
 c - 2 scrolls of enchant armour
 e - 6 scrolls of enchant weapon
Potions
 d - 3 potions of invisibility
 h - a potion of resistance
 l - a potion of attraction {unknown}
 m - 2 potions of heal wounds
 n - a potion of degeneration {unknown}
 o - 3 potions of brilliance
 p - 2 potions of lignification {unknown}
 q - a potion of haste
 t - 3 potions of curing
 G - a potion of mutation


   Skills:
 + Level 13.8 Fighting
 - Level 2.6 Long Blades
 - Level 1.0 Armour
 - Level 2.1 Dodging
 + Level 9.2 Shields
 + Level 9.6 Spellcasting
 + Level 9.6 Conjurations
 + Level 9.6 Hexes
 + Level 9.6 Summonings
 + Level 9.6 Necromancy
 + Level 9.6 Translocations
 + Level 9.6 Transmutations
 + Level 9.6 Fire Magic
 + Level 9.6 Ice Magic
 + Level 9.6 Air Magic
 + Level 9.6 Earth Magic
 + Level 9.6 Poison Magic


You knew the following spells:

 Your Spells              Type           Power      Damage    Failure   Level
a - Necrotise             Necr           100%       1d9       1%          1
b - Poisonous Vapours     Pois/Air       100%       N/A       1%          2
c - Stone Arrow           Conj/Erth      100%       3d13      1%          3
d - Ignite Poison         Fire/Tmut/Pois 54%        N/A       1%          3
e - Anguish               Hex/Necr       27%        N/A       3%          4
f - Lee's Rapid Deconstr  Erth           27%        3d14*     9%          5
Your spell library was empty.

Dungeon Overview and Level Annotations

Branches:
Dungeon (10/15)            Temple (1/1) D:6            Lair (1/5) D:9
    Orc (0/2) D:9           Sewer (visited)          Bailey (visited)

Altars:
Ashenzari
Cheibriados
Dithmenos
Elyvilon
Fedhas
Gozag
Hepliaklqana
Makhleb
Nemelex Xobeh
Okawaru
Qazlal
Ru
Trog
Uskayaw
Wu Jian
Xom
Yredelemnul
Zin
The Shining One

Shops:
D:2 ?   D:8 (   D:9 (

Annotations:
D:10 Sonja


Innate Abilities, Weirdness & Mutations

Your life essence is reduced to manifest your ancestor. (-10% HP)
You are immune to sickness and miasma.
You are immune to poison.
Your flesh is very heat resistant. (rF++)
You are vulnerable to cold. (rC-)
You float through the air rather than walking.
You learn spells naturally, not from books.
Your magical power is your life essence.
You have superior vitality. (+4 MHP)
You have a somewhat thin skeletal structure. (Dex +2, Stealth+)
You have supernaturally acute eyesight. (SInv)
You are agile. (Dex +4, Str/Int -1)
You are strong-willed. (Will+)
You occasionally shout uncontrollably at your foes.
You are resistant to electric shocks. (rElec)
Your spells are a little harder to cast, but a little more powerful.
You have great hidden genetic potential.
Your movements are slightly less encumbered by armour. (ER -2)
[You are very clumsy. (Dex -4)]
[Armour fits poorly on your strangely shaped body.]


Message History

Press: ? - help, Shift-Dir - straight line, f - ice beast
Aim: an ice beast (wandering, hasn't noticed you, 78% to hit)
The stone arrow hits the ice beast!!
You kill the ice beast!
* * * LOW HITPOINT WARNING * * *
You start resting.
A worldbinder comes into view.
A worldbinder is nearby!
Okay, then.
You feel yourself speed up.
A quasit comes into view.
The quasit gives a chilling moan.
You hear a roar!
Numeria emerges from the mists of memory!
The worldbinder hits Numeria. x2; Numeria hits the worldbinder.
The worldbinder hits Numeria but does no damage.
The worldbinder hits Numeria!
Numeria barely misses the worldbinder.
A tentacled starspawn comes into view.
The worldbinder completely misses Numeria.
The worldbinder barely misses Numeria.
A tentacle flies out from the starspawn's body!
A hellephant comes into view.
A starspawn tentacle comes into view.
The quasit attacks as it pursues you! The quasit completely misses you.
You block the quasit's attack. The quasit completely misses you.
A hellion and a wretched star come into view.
The hellion gives a hideous shriek!
You hear a horrible gurgling sound!
The wretched star pulses with an eldritch light!
You feel clumsy. x2; Your body twists and deforms.
You see here a raiju corpse.
The hellion gestures at you.
The sphere of damnation explodes!
The damnation engulfs you!!
* * * LOW HITPOINT WARNING * * *
A chaos spawn comes into view.
The chaos spawn bleats!
You hear a hideous shriek! x2
A wraith comes into view.
The wretched star glows turbulently.
The lance of force misses you. The hellion gestures at you.
The sphere of damnation explodes!
The damnation engulfs you!!
You die...

#~ 5#.....#.#
#≈#####.. .#
####...#X##.#..
.#..~.÷......Y.#
. .##...÷.2.#. #
#'..).#..# .
#.#~.~*..# #.
#..#.4## ...
#..@.#...# .#
#.♣...§...#
#.....#W##...
........#§ #. #.
....... #
...###### ....
##..#


You could see a tentacled starspawn, a wretched star, a hellion, a chaos spawn
and a wraith.

Vanquished Creatures
  Gastronok (D:9)
  A caustic shrike skeleton (Abyss:1)
  A sixfirhy (Abyss:1)
  2 orc knights (Bailey)
  A mana viper (shapeshifter) (D:8)
  2 cyclopes (D:8)
  A will-o-the-wisp (Abyss:1)
  2 orc sorcerers (Bailey)
  Jeremiah (D:6)
  An efreet (Abyss:1)
  A kobold demonologist (D:8)
  An ice devil (D:6)
  A hornet (D:10)
  3 raiju (Abyss:1)
  Sigmund (D:2)
  A spriggan (D:7)
  A shadow (D:9)
  4 slime creatures
  A wraith (D:8)
  A wyvern (D:7)
  2 fire bats (Abyss:1)
  4 yaks
  3 steam dragons
  A chaos spawn (Abyss:1)
  Menkaure (D:7)
  A vampire mosquito (D:8)
  A warg (D:9)
  5 acid dragons
  2 water moccasins
  14 orc warriors
  An ice beast (Abyss:1)
  4 sky beasts
  A black bear (D:6)
  3 centaurs
  2 ogres
  4 phantoms
  5 kobold brigands
  Blork the orc (D:6)
  7 bullfrogs
  5 scorpions
  12 wights
  12 killer bees
  6 howler monkeys
  5 electric eels (Bailey)
  5 jellies
  3 hounds
  3 gnoll boudas
  4 orc priests
  5 iguanas
  5 sleepcaps
  5 orc wizards
  Robin (D:3)
  17 gnolls
  7 adders
  3 river rats (Sewer)
  3 shadow imps
  3 white imps
  3 ufetubi
  2 worms (Sewer)
  A dart slug (D:2)
  32 orcs
  8 bats
  5 endoplasms
  3 giant cockroaches
  20 goblins
  23 hobgoblins
  2 jackals (D:1)
  22 kobolds
  5 quokkas
  8 ball pythons
  3 frilled lizards
  9 rats
340 creatures vanquished.

Vanquished Creatures (collateral kills)
  A hydra (D:8)
  A slime creature (D:9)
  A steam dragon (D:8)
  A kobold brigand (Sewer)
  A bullfrog (D:8)
  A wight (D:10)
  A howler monkey (D:8)
  A jelly (D:4)
  Terence (D:2)
  An ufetubus (D:4)
  An orc (D:4)
  A ball python (D:2)
  A giant cockroach (D:4)
  A quokka (D:4)
  A goblin (D:9)
  A kobold (Sewer)
  2 rats
18 creatures vanquished.

Vanquished Creatures (others)
  A vampire mosquito (D:8)
  3 ancestors
  2 orcs
  A hobgoblin (Bailey)
  2 foxfires (Abyss:1)
  2 starspawn tentacles (Abyss:1)
11 creatures vanquished.

Grand Total: 369 creatures vanquished

Notes
Turn   | Place    | Note
-------+----------+-------------------------------------------
     0 | D:1      | cforsyth the Djinni Chaos Knight began the quest for the
                  | Orb.
     0 | D:1      | Reached XP level 1. HP: 20/20 MP: 0/0
    77 | D:1      | Reached XP level 2. HP: 24/25 MP: 0/0
   223 | D:1      | Reached skill level 1 in Spellcasting
   223 | D:1      | Reached skill level 1 in Conjurations
   223 | D:1      | Reached skill level 1 in Hexes
   223 | D:1      | Reached skill level 1 in Summonings
   223 | D:1      | Reached skill level 1 in Necromancy
   223 | D:1      | Reached skill level 1 in Translocations
   223 | D:1      | Reached skill level 1 in Transmutations
   223 | D:1      | Reached skill level 1 in Fire Magic
   223 | D:1      | Reached skill level 1 in Ice Magic
   223 | D:1      | Reached skill level 1 in Air Magic
   223 | D:1      | Reached skill level 1 in Earth Magic
   223 | D:1      | Reached skill level 1 in Poison Magic
   410 | D:1      | Reached XP level 3. HP: 30/30 MP: 0/0
   410 | D:1      | Learned a level 1 spell: Necrotise
   572 | D:1      | XOM: scenery: create altars
   964 | D:2      | XOM: fog
  1128 | D:2      | Found The Oracle's Delphic Readings.
  1181 | D:2      | Reached XP level 4. HP: 34/37 MP: 0/0
  1208 | D:2      | Noticed Sigmund
  1212 | D:2      | XOM: 1-stop teleportation journey
  1260 | D:2      | Noticed Terence
  1271 | D:2      | Killed Terence
  1272 | D:2      | Reached skill level 4 in Fighting
  1646 | D:2      | XOM: confuse monster(s)
  1659 | D:2      | Killed Sigmund
  1660 | D:2      | Reached skill level 5 in Fighting
  1660 | D:2      | Reached XP level 5. HP: 36/43 MP: 0/0
  1660 | D:2      | Learned a level 2 spell: Poisonous Vapours
  1660 | D:2      | Reached XP level 6. HP: 41/49 MP: 0/0
  1818 | D:3      | XOM: give mutation
  1818 | D:3      | Gained mutation: You expend health (3 HP) to strengthen
                  | your wands. [Xom's grace]
  1846 | D:3      | XOM: give mutation
  1846 | D:3      | Gained mutation: You are strong-willed. (Will+) [Xom's
                  | grace]
  1969 | D:3      | Found a faded altar of an unknown god.
  1971 | D:3      | XOM: chaos upgrade
  2073 | D:3      | XOM: 5-stop teleportation journey
  2380 | D:3      | XOM: cloud trail
  2540 | D:3      | Reached XP level 7. HP: 17/54 MP: 0/0
  2540 | D:3      | Learned a level 3 spell: Stone Arrow
  2906 | D:3      | XOM: summons 4 hostile demons
  2960 | D:3      | XOM: stat loss: -1 Int (15/16)
  3124 | D:3      | XOM: scenery: 1 doors open
  3137 | D:3      | Noticed Robin
  3153 | D:3      | Killed Robin
  3196 | D:3      | XOM: god gift: 1012 gold pieces
  3230 | D:3      | XOM: scenery: create altars
  3340 | D:4      | XOM: give mutations
  3340 | D:4      | Gained mutation: You occasionally shout uncontrollably at
                  | your foes. [Xom's mischief]
  3340 | D:4      | Gained mutation: You are weak. (Str -2) [Xom's mischief]
  3408 | D:4      | Found a glowing drain.
  3414 | Sewer    | Entered a sewer
  3415 | Sewer    | XOM: draining
  3446 | Sewer    | XOM: summons friendly shadow imp
  3456 | Sewer    | Reached skill level 6 in Fighting
  3656 | Sewer    | XOM: 1-stop teleportation journey
  3681 | Sewer    | XOM: divination: detect creatures
  3819 | Sewer    | XOM: summons friendly shadow imp
  3904 | Sewer    | XOM: polymorph shadow imp -> ufetubus
  3967 | Sewer    | XOM: silly message
  4157 | Sewer    | XOM: potion effect (invisibility)
  4162 | Sewer    | XOM: cast spell 'Summon Ice Beast'
  4167 | Sewer    | Reached XP level 8. HP: 56/62 MP: 0/0
  4592 | D:4      | XOM: god gift: 17 gold pieces
  4806 | D:4      | XOM: confusion (+ monsters)
  5054 | D:5      | Entered Level 5 of the Dungeon
  5084 | D:5      | XOM: smoke on damage
  5091 | D:5      | Reached skill level 7 in Fighting
  5257 | D:5      | XOM: give mutations
  5257 | D:5      | Gained mutation: Your movements are slightly less
                  | encumbered by armour. (ER -2) [Xom's mischief]
  5257 | D:5      | Lost mutation: You are strong-willed. (Will+) [Xom's
                  | mischief]
  5257 | D:5      | Gained mutation: You sometimes lose your temper in combat.
                  | [Xom's mischief]
  5394 | D:5      | XOM: 2-stop teleportation journey
  5621 | D:5      | XOM: enchant monster (bad)
  5625 | D:5      | XOM: enchant monster (bad)
  5669 | D:5      | XOM: fog
  5670 | D:5      | XOM: summons 8 friendly demons
  5819 | D:5      | XOM: god gift: 885 gold pieces
  5965 | D:5      | Reached skill level 5 in Spellcasting
  5965 | D:5      | Reached skill level 5 in Conjurations
  5965 | D:5      | Reached skill level 5 in Hexes
  5965 | D:5      | Reached skill level 5 in Summonings
  5965 | D:5      | Reached skill level 5 in Necromancy
  5965 | D:5      | Reached skill level 5 in Translocations
  5965 | D:5      | Reached skill level 5 in Transmutations
  5965 | D:5      | Reached skill level 5 in Fire Magic
  5965 | D:5      | Reached skill level 5 in Ice Magic
  5965 | D:5      | Reached skill level 5 in Air Magic
  5965 | D:5      | Reached skill level 5 in Earth Magic
  5965 | D:5      | Reached skill level 5 in Poison Magic
  6131 | D:5      | XOM: give mutations
  6131 | D:5      | Gained mutation: You passively map a small area around you.
                  | [Xom's grace]
  6131 | D:5      | Gained mutation: You have hidden genetic potential. [Xom's
                  | grace]
  6131 | D:5      | Gained mutation: You are robust. (+10% HP) [Xom's grace]
  6131 | D:5      | Gained mutation: You have great hidden genetic potential.
                  | [Xom's grace]
  6189 | D:5      | XOM: silly message
  6198 | D:5      | XOM: fog
  6216 | D:5      | XOM: noise
  6670 | D:6      | XOM: divination: detect items
  6671 | D:6      | Reached XP level 9. HP: 72/77 MP: 0/0
  6671 | D:6      | Learned a level 3 spell: Ignite Poison
  6672 | D:6      | XOM: repel stairs
  6680 | D:5      | Reached skill level 8 in Fighting
  7170 | D:6      | Noticed Grinder
  7170 | D:6      | Noticed Blork the orc
  7174 | D:6      | Killed Blork the orc
  7185 | D:6      | Grinder changed into Grinder the ice devil
  7185 | D:6      | Noticed Grinder
  7185 | D:6      | XOM: polymorph Grinder -> Grinder the ice devil
  7191 | D:6      | Gained mutation: You have a somewhat thin skeletal
                  | structure. (Dex +2, Stealth+) [hidden potential]
  7326 | D:6      | Noticed Jeremiah
  7355 | D:6      | Killed Jeremiah
  7356 | D:6      | Reached skill level 9 in Fighting
  7359 | D:6      | XOM: god gift: dented bronze amulet {god gift}
  7479 | D:6      | XOM: noise
  7841 | D:6      | Found a staircase to the Ecumenical Temple.
  8022 | Temple   | Entered the Ecumenical Temple
  8096 | D:6      | Killed Grinder the ice devil
  8097 | D:6      | Reached XP level 10. HP: 14/86 MP: 0/0
  8273 | D:6      | XOM: noise
  8364 | D:6      | XOM: potion effect (curing)
  8478 | D:5      | XOM: noise
  8671 | D:6      | Reached skill level 10 in Fighting
  9019 | D:7      | Noticed Menkaure
  9024 | D:7      | Killed Menkaure
  9262 | D:7      | Reached skill level 1 in Shields
  9506 | D:7      | XOM: 1-stop teleportation journey
  9552 | D:7      | XOM: divination: detect creatures
  9887 | D:7      | Found a snail-covered altar of Cheibriados.
  9887 | D:7      | Found a shimmering altar of Xom.
  9893 | D:7      | Found a faded altar of an unknown god.
  9895 | D:7      | XOM: enchant monster (bad)
 10035 | D:7      | Found a burning altar of Makhleb.
 10037 | D:7      | Found a shadowy altar of Dithmenos.
 10115 | D:8      | XOM: potion effect (brilliance)
 10133 | D:8      | XOM: silly message
 10135 | D:8      | XOM: silly message
 10135 | D:8      | Noticed a cyclops
 10259 | D:8      | XOM: butterfly on damage
 10279 | D:8      | Reached skill level 11 in Fighting
 10280 | D:8      | XOM: divination: detect creatures
 10388 | D:7      | XOM: give mutations
 10388 | D:7      | Lost mutation: You passively map a small area around you.
                  | [Xom's mischief]
 10388 | D:7      | Lost mutation: You expend health (3 HP) to strengthen your
                  | wands. [Xom's mischief]
 10388 | D:7      | Lost mutation: You are robust. (+10% HP) [Xom's mischief]
 10388 | D:7      | Lost mutation: You sometimes lose your temper in combat.
                  | [Xom's mischief]
 10518 | D:8      | XOM: summons 3 hostile demons
 10638 | D:8      | XOM: polymorph orc wizard -> orc wizard
 11159 | D:8      | Identified the amulet of the Madman {Acrobat Fly rPois rC+
                  | Will-}
 11164 | D:7      | XOM: silly message
 11378 | D:7      | XOM: draining
 11423 | D:8      | XOM: 2-stop teleportation journey
 11439 | D:8      | Noticed a kobold demonologist
 11440 | D:8      | XOM: potion effect (invisibility)
 11444 | D:8      | Killed a kobold demonologist
 11465 | D:8      | Noticed a four-headed hydra
 11472 | D:8      | XOM: cast spell 'Monstrous Menagerie'
 11477 | D:8      | Killed a four-headed hydra
 11478 | D:8      | Reached XP level 11. HP: 66/87 MP: 0/0
 11478 | D:8      | Learned a level 4 spell: Anguish
 11497 | D:8      | Gained mutation: You have supernaturally acute eyesight.
                  | (SInv) [hidden potential]
 11497 | D:8      | Lost mutation: You have great hidden genetic potential.
                  | [hidden potential expressed]
 11720 | D:7      | XOM: cloud trail
 11825 | D:7      | Reached skill level 5 in Shields
 11969 | D:8      | Killed a cyclops
 12084 | D:8      | XOM: noise
 12138 | D:8      | XOM: cast spell 'Cause Fear'
 12215 | D:8      | Noticed a cyclops
 12221 | D:8      | XOM: potion effect (brilliance)
 12225 | D:8      | Killed a cyclops
 12244 | D:8      | Reached skill level 12 in Fighting
 12255 | D:8      | XOM: silly message
 12333 | D:8      | a swamp worm changed into a mana viper
 12333 | D:8      | Noticed a mana viper (shapeshifter)
 12336 | D:8      | Killed a mana viper
 12469 | D:8      | XOM: 4-stop teleportation journey
 12485 | D:8      | XOM: give mutations
 12485 | D:8      | Gained mutation: You passively map a small area around you.
                  | [Xom's grace]
 12485 | D:8      | Gained mutation: You have great hidden genetic potential.
                  | [Xom's grace]
 12485 | D:8      | Gained mutation: You are agile. (Dex +4, Str/Int -1) [Xom's
                  | grace]
 12485 | D:8      | Gained mutation: Your spells are a little harder to cast,
                  | but a little more powerful. [Xom's grace]
 12580 | D:8      | Identified the staff of Conformity {Drain rElec rC+++ rN++
                  | Air}
 12833 | D:8      | XOM: enchant monster (good)
 12990 | D:8      | Found a hazy altar of Hepliaklqana.
 13160 | D:8      | Found Hedut's Antique Weapon Boutique.
 13165 | D:8      | XOM: summons 4 hostile demons
 13244 | D:8      | Fell from the grace of Xom
 13244 | D:8      | Became a worshipper of Hepliaklqana the Forgotten
 13447 | D:9      | Found an opulent altar of Gozag.
 13467 | D:9      | Found a staircase to the Lair.
 13477 | D:9      | XOM: 1-stop teleportation journey
 13499 | Lair:1   | Entered Level 1 of the Lair of Beasts
 13588 | D:9      | Found Serejy's Antique Weapon Shoppe.
 13618 | D:9      | Noticed Gastronok
 13663 | D:9      | Found a staircase to the Orcish Mines.
 13716 | D:9      | Found a flagged portal.
 13721 | Bailey   | Entered a bailey
 13866 | Bailey   | Noticed an orc knight
 13871 | Bailey   | Killed an orc knight
 13902 | Bailey   | Acquired 993 gold pieces
 13922 | Bailey   | Noticed an orc knight
 13928 | Bailey   | Noticed an orc sorcerer
 13953 | Bailey   | Killed an orc sorcerer
 13954 | Bailey   | Reached XP level 12. HP: 82/96 MP: 0/0
 14331 | Bailey   | XOM: polymorph goblin -> kobold
 14352 | Bailey   | XOM: give mutations
 14352 | Bailey   | Gained mutation: You are strong-willed. (Will+) [Xom's
                  | mischief]
 14352 | Bailey   | Lost mutation: You are weak. (Str -2) [Xom's mischief]
 14352 | Bailey   | Lost mutation: You passively map a small area around you.
                  | [Xom's mischief]
 14352 | Bailey   | Gained mutation: You are resistant to electric shocks.
                  | (rElec) [hidden potential]
 14403 | Bailey   | Found an iron altar of Okawaru.
 14702 | Bailey   | XOM: summons 4 hostile shadow creatures
 15039 | Bailey   | XOM: summons 1 hostile demon
 15393 | D:9      | XOM: god gift: 19 gold pieces
 15399 | D:9      | Reached * piety under Hepliaklqana
 15531 | D:9      | Reached skill level 13 in Fighting
 15697 | D:9      | Killed Gastronok
 15835 | D:9      | XOM: summons 14 hostile demons
 15850 | D:10     | Entered Level 10 of the Dungeon
 16071 | D:10     | XOM: 1-stop teleportation journey
 16451 | D:9      | Found a glowing silver altar of Zin.
 16927 | D:10     | XOM: summons 4 hostile shadow creatures
 17009 | D:10     | XOM: god gift: sapphire ring {god gift}
 17258 | D:10     | Noticed Sonja
 17266 | Abyss:1  | Cast into level 1 of the Abyss (Sonja)
 17415 | Abyss:1  | Noticed a sixfirhy
 17504 | Abyss:1  | Killed a sixfirhy
 17508 | Abyss:1  | Reached XP level 13. HP: 25/93 MP: 0/0
 17508 | Abyss:1  | Learned a level 5 spell: Lee's Rapid Deconstruction
 17560 | Abyss:1  | Noticed a tentacled starspawn
 17560 | Abyss:1  | Noticed a hellephant
 17570 | Abyss:1  | Killed from afar by a hellion

Illustrated notes

Levels and vault maps discovered:
D:1:      dpeg_arrival_signposts, layout_basic, minmay_tiny_reverse_x
D:2:      layout_basic, basic_altar, nicolae_nh_oracle_at_delphi, uniq_sigmund,
          uniq_terence
D:3:      layout_loops_corners, hellmonk_ecumenical_altar_prayer_group,
          uniq_robin
D:4:      layout_rooms, gup_sewer_entry_bubbles, hex_medium
D:5:      layout_cave_pods, nicolae_sif_muna_condensation
D:6:      minmay_chambers_of_threes, layout_basic, minmay_temple_entry_poolview,
          uniq_jeremiah, uniq_grinder, uniq_blork_the_orc
D:7:      layout_cave_pools, chequers_temple_overflow_minitemple, the_hattery,
          uniq_menkaure, uniq_crazy_yiuf_cottage
D:8:      minmay_the_grid_octo_tiled_octocenter [minmay_the_grid_octo_odd_swirl,
          minmay_the_grid_octo_horde, minmay_the_grid_octo_concentric,
          minmay_the_grid_octo_checkerflower, minmay_the_grid_octo_prize_star,
          minmay_the_grid_square_5x5_almost_minimal,
          minmay_the_grid_square_5x5_spiral_small,
          minmay_the_grid_square_5x5_bite,
          minmay_the_grid_square_5x5_hollow_slash], layout_loops_ring,
          mainiacjoe_overflow_alcove_2, serial_demonic, serial_demonic_b,
          serial_demonic_d, serial_demonic_e, serial_demonic_g, serial_shops,
          shop
D:9:      layout_cave_pools, nicolae_overflow_hidden_temple,
          mainiacjoe_overflow_brackets, dpeg_oklobed_lair, erik_orc_4,
          serial_shops, nicolae_shop_waterfront, enter_bailey_3,
          kennysheep_generic_room_9, uniq_gastronok
D:10:     layout_irregular_city, serial_rivers, chequers_serial_rivers_micro_d,
          chequers_serial_rivers_micro_a, chequers_serial_rivers_large_b,
          chequers_serial_rivers_room_a, chequers_serial_rivers_room_b,
          uniq_lodul, uniq_sonja
Temple:   eino_narrow_crystal_temple
Lair:1:   layout_cave_pods, ebering_ghost_reflecting_pool, grunt_megastairs_4,
          serial_bayou_shore_b
Abyss:1:  base:
D:12

Skill      XL: |  1  2  3  4  5  6  7  8  9 10 11 12 |
---------------+-------------------------------------+-----
Spellcasting   | 1 2 3 4 5 6 8 9 |  9.6
Conjurations   | 1 2 3 4 5 6 8 9 |  9.6
Hexes          | 1 2 3 4 5 6 8 9 |  9.6
Summonings     | 1 2 3 4 5 6 8 9 |  9.6
Necromancy     | 1 2 3 4 5 6 8 9 |  9.6
Translocations | 1 2 3 4 5 6 8 9 |  9.6
Transmutations | 1 2 3 4 5 6 8 9 |  9.6
Fire Magic     | 1 2 3 4 5 6 8 9 |  9.6
Ice Magic      | 1 2 3 4 5 6 8 9 |  9.6
Air Magic      | 1 2 3 4 5 6 8 9 |  9.6
Earth Magic    | 1 2 3 4 5 6 8 9 |  9.6
Poison Magic   | 1 2 3 4 5 6 8 9 |  9.6
Fighting       | 5 6 7 9 11 12 13 | 13.8
Shields        | 4 6 9 |  9.2
Long Blades    | |  2.6
Armour         | |  1.0
Dodging        | |  2.1

Action                     |  1- 3 |  4- 6 |  7- 9 | 10-12 | 13-15 || total
---------------------------+-------+-------+-------+-------+-------++-------
  Melee: Falchion          |    72 |    31 |     5 |    73 |       ||   181
         Short sword       |       |    96 |   496 |       |       ||   592
         Punch             |       |     1 |     6 |       |       ||     7
         Staff             |       |       |       |    25 |     1 ||    26
   Cast: Stone Arrow       |       |       |    65 |   401 |     3 ||   469
         Poisonous Vapours |       |       |     3 |       |       ||     3
         Ignite Poison     |       |       |     2 |       |       ||     2
 Invoke: Recall Ancestor   |       |       |       |     3 |       ||     3
  Evoke: Wand              |       |       |       |    11 |       ||    11
    Use: Scroll            |       |     1 |     3 |    21 |       ||    25
         Potion            |       |       |     3 |     5 |     1 ||     9
   Stab: Sleeping          |     1 |       |     1 |     1 |       ||     3
         Paralysed         |       |     1 |       |       |       ||     1
         Invisible         |       |       |     3 |     1 |       ||     4
 Armour: Leather armour    |    43 |    62 |   210 |   247 |     2 ||   564
  Dodge: Dodged            |    44 |    69 |   204 |   153 |     4 ||   474
  Block: Kite shield       |       |       |       |   177 |     3 ||   180

Table legend: (Time is in decaauts)
 A = Elapsed time spent in this place.
 B = Non-inter-level travel time spent in this place.
 C = Inter-level travel time spent in this place.
 D = Time resting spent in this place.
 E = Time spent auto-exploring this place.
 F = Levels seen in this place.
 G = Mean time per level.
                   A        B        C        D        E       F      G
               +--------+--------+--------+--------+--------+-----+--------+
         Total |  17442 |  16900 |    542 |   3314 |  10116 |  15 | 1162.8 |
       Dungeon |  14689 |  14153 |    536 |   2926 |   8420 |  10 | 1468.9 |
        Temple |      9 |      4 |      5 |      0 |      0 |   1 |    9.0 |
          Lair |     25 |     25 |      0 |      0 |      0 |   1 |   25.0 |
         Abyss |    298 |    298 |      0 |    113 |    117 |   1 |  298.0 |
         Sewer |    762 |    762 |      0 |      0 |    556 |   1 |  762.0 |
        Bailey |   1655 |   1655 |      0 |    274 |   1023 |   1 | 1655.0 |
               +--------+--------+--------+--------+--------+-----+--------+

Top non-repeatable levels by time:
     D:7: 2337 daAuts
     D:8: 2221 daAuts
     D:5: 2044 daAuts
     D:6: 2018 daAuts
  Bailey: 1655 daAuts
     D:3: 1438 daAuts
     D:9: 1203 daAuts
     D:1: 956 daAuts
     D:4: 935 daAuts
     D:2: 840 daAuts
   Sewer: 762 daAuts
    D:10: 692 daAuts
 Abyss:1: 298 daAuts
  Lair:1: 25 daAuts
  Temple: 9 daAuts
